AoeStats
← 忧郁帅哥

Scandinavia

510844660Analyzed
1v1 RM · 13h ago on Oct 2, 2026· 31m 8s· 2 players
Game mode
Random Map
Map size
Tiny (2 player)
Population
200
Speed
Normal
Resources
Standard
Victory
Conquest
Starting age
Dark Age
Ending age
Imperial Age
RankedLock teamsTeams togetherTeam positionsShared explorationLock speedFull tech treeHidden civsTurbo modeCheats
Victory
Defeat
🇨🇳 Bohemians · China
1780
+15
🇩🇪 Mongols · Germany
1763
-15
TrCL.MAN1AC
8:24 Loom
10:09 Feudal Age
12:31 Double-Bit Axe
14:59 Castle Age
14:27 Gold Mining
14:44 Fishing Lines
15:55 Bow Saw
17:02 Medium Warships
20:46 Forging
21:05 Horse Collar
23:01 Fletching
26:21 Wheelbarrow
33:10 Imperial Age
33:58 Imperial Age
忧郁帅哥
9:41 Loom
11:29 Feudal Age
13:08 Double-Bit Axe
16:36 Castle Age
15:57 Horse Collar
17:32 Bow Saw
17:27 Padded Archer Armor
17:31 Town Watch
18:49 Leather Archer Armor
19:53 Medium Warships
20:37 Fervor
21:49 Wheelbarrow
24:57 Fletching
25:33 Sanctity
29:45 Heavy Plow
Connection lost

Rejoining the realm…

Still unreachable

The connection could not be restored.

Session expired

The server has moved on; the page needs a fresh start.